 Dungeon Crawl Stone Soup version 0.23-a0-139-ga22e90c45f (webtiles) character file.

85 Napalmbreeze the Magician (level 4, -8/24 HPs)
             Began as a Deep Elf Wizard on Aug 29, 2018.
             Killed by Freeze
             ... invoked by alpinistek's ghost
              (12 damage)
             ... on level 3 of the Dungeon.
             The game lasted 00:17:14 (2925 turns).

Napalmbreeze the Magician (Deep Elf Wizard)         Turns: 2925, Time: 00:17:15

Health: -8/24      AC:  3    Str:  4    XL:     4   Next: 25%
Magic:  2/13       EV: 13    Int: 24    God:
Gold:   125        SH:  0    Dex: 13    Spells: 10/13 levels left

rFire    . . .     SeeInvis .   (no weapon)
rCold    . . .     Gourm    .   (no shield)
rNeg     . . .     Faith    .   a - +0 robe
rPois    .         Spirit   .   b - +0 hat
rElec    .         Reflect  .   (no cloak)
rCorr    .         Harm     .   e - +0 pair of gloves
MR       .....                  (no boots)
Stlth    ++........             (no amulet)
HPRegen  0.08/turn              (no ring)
MPRegen  0.13/turn              (no ring)

@: no status effects
A: no striking features
a: no special abilities


You were on level 3 of the Dungeon.
You were not hungry.

You visited 1 branch of the dungeon, and saw 3 of its levels.

You collected 125 gold pieces.

Inventory:

Armour
 a - a +0 robe (worn)
 b - a +0 hat (worn)
 e - a +0 pair of gloves (worn)
Jewellery
 m - an uncursed ring of wizardry {unknown}
 q - a cursed ring of teleportation {unknown}
Scrolls
 c - 4 scrolls of identify {unknown}
 g - 2 scrolls of teleportation {unknown}
 h - a scroll of amnesia {unknown}
 i - a scroll of random uselessness {unknown}
 k - a scroll of enchant armour {unknown}
 l - a scroll of immolation {unknown}
 s - a scroll of blinking {unknown}
Potions
 f - a potion of haste {unknown}
 j - a potion of degeneration {unknown}
 n - 2 potions of curing {unknown}
 o - a potion of resistance {unknown}
 p - a potion of agility {unknown}
 r - a potion of heal wounds {unknown}
Comestibles
 d - 8 rations
 t - 4 chunks of flesh


   Skills:
 - Level 0.4 Fighting
 - Level 2.4 Dodging
 - Level 2.4 Stealth
 + Level 5.2 Spellcasting
 + Level 2.5 Conjurations
 * Level 2.9 Summonings
   Level 1.1 Translocations


You had 10 spell levels left.
You knew the following spells:

 Your Spells              Type           Power        Failure   Level  Hunger
a - Magic Dart            Conj           ###.         3%          1    None
b - Call Imp              Summ           ###.....     4%          2    None

Your spell library contained the following spells:

 Spells                   Type           Power        Failure   Level  Hunger
 Blink                    Tloc           N/A          9%          2    None
 Slow                     Hex            #.......     13%         2    None
 Conjure Flame            Conj/Fire      ##......     16%         3    ##.....
 Mephitic Cloud           Conj/Pois/Air  ##......     19%         3    ##.....


Dungeon Overview and Level Annotations

Branches:
Dungeon (3/15)

Altars:
Kikubaaqudgha
Nemelex Xobeh
Uskayaw
Yredelemnul
The Shining One

Annotations:
D:3 alpinistek's ghost, amateur DsIE


Message History

Casting: Magic Dart (safe; 3% risk of failure)
Confirm with . or Enter, or press ? or * to list all spells.
Aiming: Magic Dart (safe; 3% risk of failure)
Press: ? - help, Shift-Dir - straight line, f/p - alpinistek's ghost
Aim: alpinistek's ghost (heavily damaged)
The magic dart hits alpinistek's ghost.
Alpinistek's ghost is severely damaged.
Your crimson imp blinks!
Your crimson imp hits alpinistek's ghost.
Your crimson imp closely misses alpinistek's ghost.
Alpinistek's ghost hits you.
* * * LOW HITPOINT WARNING * * *
Your crimson imp closely misses alpinistek's ghost. x2
Your crimson imp blinks!
Your crimson imp hits alpinistek's ghost.
Your crimson imp blinks!
Alpinistek's ghost gestures at you while chanting.
You are frozen.
Ouch! That really hurt!
You die...

... #.# #########
#.# ##.#.....# #.##
#..'≈≈≈≈$# ###..##
#..#.....#
##.....###.########
+.@........†.......
##.W...§..######<..
#.....##.# #.##
#.....##.# #.#
########.# #.# ..#
#.# ### #.# #.# #.#


You could see alpinistek's ghost.

Vanquished Creatures
  2 adders
  2 dart slugs (D:1)
  2 leopard geckos (D:1)
  4 orcs (D:3)
  7 bats
  2 giant cockroaches
  5 goblins
  6 hobgoblins
  2 jackals (D:3)
  5 kobolds
  3 quokkas
  7 frilled lizards
  8 rats
55 creatures vanquished.

Notes
Turn   | Place    | Note
-------+----------+-------------------------------------------
     0 | D:1      | Napalmbreeze the Deep Elf Wizard began the quest for the
                  | Orb.
     0 | D:1      | Reached XP level 1. HP: 10/10 MP: 7/7
   295 | D:1      | Reached XP level 2. HP: 14/16 MP: 3/9
   378 | D:1      | Learned a level 2 spell: Call Imp
   798 | D:1      | Reached XP level 3. HP: 19/20 MP: 2/11
  1452 | D:2      | Reached skill level 5 in Spellcasting
  1497 | D:2      | Found a hide-covered altar of Uskayaw.
  2225 | D:3      | Found a glowing golden altar of the Shining One.
  2225 | D:3      | Found a sparkling altar of Nemelex Xobeh.
  2226 | D:3      | Found an ancient bone altar of Kikubaaqudgha.
  2230 | D:3      | Found a basalt altar of Yredelemnul.
  2559 | D:3      | Reached XP level 4. HP: 21/24 MP: 10/13
  2894 | D:3      | Found a runed door.
  2894 | D:3      | Noticed alpinistek's ghost (amateur DsIE)
  2925 | D:3      | Killed from afar by alpinistek's ghost

Vault maps used:
D:1:      onia_arrival_larder
D:2:      lemuel_crystal_altar, first_ration
D:3:      minitemple, ebering_ghost_reflecting_pool

Skill      XL: |  1  2  3 |
---------------+----------+-----
Conjurations   | 2 |  2.5
Summonings     | 2 |  2.9
Spellcasting   | 5 |  5.2
Fighting       | |  0.4
Dodging        | |  2.4
Stealth        | |  2.4
Translocations | |  1.1

Action                   |  1- 3 |  4- 6 || total
-------------------------+-------+-------++-------
Melee: Unarmed           |     5 |       ||     5
 Cast: Magic Dart        |   112 |    23 ||   135
       Call Imp          |     1 |     3 ||     4
  Eat: Chunk             |     5 |     1 ||     6
Armor: Robe              |    14 |     2 ||    16
Dodge: Dodged            |    32 |     7 ||    39

Table legend:
 A = Non-vault XP
 B = Vault XP
 C = Vault XP percentage of total XP
 D = Non-vault monster count
 E = Vault monster count
 F = Vault count percentage of total count
                 A         B        C        D         E       F
            +---------+---------+-------+---------+---------+-------
      Total |     114 |       8 |   6.6 |      49 |       6 |  10.9
            +---------+---------+-------+---------+---------+-------
        D:1 |      43 |       8 |  15.7 |      21 |       6 |  22.2
        D:2 |      33 |       0 |   0.0 |      15 |       0 |   0.0
        D:3 |      38 |       0 |   0.0 |      13 |       0 |   0.0
            +---------+---------+-------+---------+---------+-------
